[ AOE2 MATCH · #506463760 ]
UnrankedLithuanians vs Vietnamese
Player's team · WIN
Rival team · LOSS
[ REPLAY ANALYSIS · EXTRACTED FROM THE RECORDED GAME ]
Feudal
10:45
Castle
14:35
Imperial
—
| APM avg | 68.5 |
| APM peak | 88 |
| eAPM avg | 31.5 |
| Villagers / military | 128 / 7 |
Focus
⚔️ 26.8% · 🌾 73.2%
Leitis ×7
Feudal
10:51
Castle
14:40
Imperial
—
| APM avg | 57.1 |
| APM peak | 76 |
| eAPM avg | 31.5 |
| Villagers / military | 59 / 18 |
Focus
⚔️ 33.2% · 🌾 66.8%
Fire Lancer ×14 · Battering Ram ×4
Match map
Initial resources + every placement click. Lines = walls · curves = elevation contours. ◆ gold · ⬟ stone · ● berries · ✦ relic · ◌ wall gap
Your base· Open — unwalled flank
Cronos's base· Open — unwalled flank
Smoothed initial terrain · ◌ = detected wall gap · hover for details
Inputs per minute
— Young Carter - - Cronos
Build order — Young Carter
First 150 of 206 actions detected
| 0:00 | Create | Villager (Male) |
| 0:01 | Create | Villager (Male) |
| 0:01 | Create | Villager (Male) |
| 0:01 | Create | Villager (Male) |
| 0:03 | Research | Loom |
| 0:05 | Build | House |
| 0:07 | Build | House |
| 0:12 | Create | Villager (Male) |
| 0:14 | Create | Villager (Male) |
| 0:14 | Create | Villager (Male) |
| 0:15 | Build | House |
| 0:16 | Build | House |
| 0:28 | Create | Villager (Male) |
| 0:37 | Create | Villager (Male) |
| 0:53 | Create | Villager (Male) |
| 0:53 | Create | Villager (Male) |
| 0:53 | Create | Villager (Male) |
| 1:05 | Create | Villager (Male) |
| 1:05 | Create | Villager (Male) |
| 1:09 | Build | Lumber Camp |
| 1:26 | Create | Villager (Male) |
| 2:02 | Create | Villager (Male) |
| 2:02 | Create | Villager (Male) |
| 2:10 | Create | Villager (Male) |
| 2:10 | Create | Villager (Male) |
| 2:30 | Create | Villager (Male) |
| 2:30 | Create | Villager (Male) |
| 2:46 | Create | Villager (Male) |
| 3:27 | Create | Villager (Male) |
| 3:27 | Create | Villager (Male) |
| 3:27 | Create | Villager (Male) |
| 3:28 | Create | Villager (Male) |
| 3:47 | Create | Villager (Male) |
| 3:47 | Create | Villager (Male) |
| 4:08 | Create | Villager (Male) |
| 4:08 | Create | Villager (Male) |
| 4:09 | Create | Villager (Male) |
| 4:10 | Create | Villager (Male) |
| 4:10 | Create | Villager (Male) |
| 4:13 | Create | Villager (Male) |
| 4:13 | Create | Villager (Male) |
| 4:18 | Build | Mill |
| 4:25 | Create | Villager (Male) |
| 4:25 | Create | Villager (Male) |
| 4:40 | Build | House |
| 4:41 | Build | House |
| 4:47 | Create | Villager (Male) |
| 4:47 | Create | Villager (Male) |
| 4:57 | Create | Villager (Male) |
| 4:58 | Create | Villager (Male) |
| 5:00 | Build | House |
| 5:01 | Build | House |
| 5:01 | Build | House |
| 5:16 | Create | Villager (Male) |
| 5:16 | Create | Villager (Male) |
| 5:16 | Create | Villager (Male) |
| 5:46 | Create | Villager (Male) |
| 5:46 | Create | Villager (Male) |
| 5:47 | Create | Villager (Male) |
| 5:47 | Create | Villager (Male) |
| 5:59 | Create | Villager (Male) |
| 6:03 | Build | House |
| 6:04 | Build | House |
| 6:04 | Build | House |
| 6:05 | Build | House |
| 6:06 | Create | Villager (Male) |
| 6:20 | Create | Villager (Male) |
| 6:25 | Create | Villager (Male) |
| 6:53 | Create | Villager (Male) |
| 6:53 | Create | Villager (Male) |
| 6:57 | Build | Lumber Camp |
| 7:06 | Create | Villager (Male) |
| 7:16 | Create | Villager (Male) |
| 7:17 | Create | Villager (Male) |
| 7:17 | Create | Villager (Male) |
| 7:17 | Create | Villager (Male) |
| 7:18 | Create | Villager (Male) |
| 7:31 | Create | Villager (Male) |
| 7:32 | Create | Villager (Male) |
| 7:37 | Create | Villager (Male) |
| 7:40 | Build | Mill |
| 8:31 | Build | House |
| 8:35 | Research | Feudal Age |
| 8:37 | Build | House |
| 8:38 | Build | House |
| 8:41 | Build | Mining Camp |
| 8:48 | Create | Villager (Male) |
| 8:53 | Create | Villager (Male) |
| 9:08 | Build | Mining Camp |
| 9:13 | Create | Villager (Male) |
| 9:13 | Create | Villager (Male) |
| 9:23 | Build | Farm |
| 9:23 | Build | Farm |
| 9:23 | Build | Farm |
| 9:24 | Build | Farm |
| 9:29 | Build | House |
| 10:14 | Build | Farm |
| 10:14 | Create | Villager (Male) |
| 10:14 | Create | Villager (Male) |
| 10:21 | Build | Lumber Camp |
| 10:27 | Build | Barracks |
| 10:30 | Build | House |
| 10:33 | Create | Villager (Male) |
| 10:38 | Create | Villager (Male) |
| 10:45 | Age | Feudal Age |
| 11:12 | Build | Market |
| 11:13 | Build | Blacksmith |
| 11:25 | Create | Villager (Male) |
| 11:25 | Create | Villager (Male) |
| 11:27 | Create | Villager (Male) |
| 11:29 | Create | Villager (Male) |
| 11:37 | Build | Barracks |
| 11:50 | Build | Mining Camp |
| 11:55 | Research | Castle Age |
| 11:55 | Create | Villager (Male) ×5 |
| 11:55 | Create | Villager (Male) ×5 |
| 11:56 | Create | Villager (Male) |
| 12:02 | Research | Double-Bit Axe |
| 12:02 | Research | Horse Collar |
| 12:03 | Research | Horse Collar |
| 12:13 | Create | Villager (Male) |
| 13:06 | Create | Villager (Male) |
| 13:06 | Create | Villager (Male) |
| 13:07 | Create | Villager (Male) |
| 13:07 | Create | Villager (Male) |
| 13:13 | Build | Farm |
| 13:14 | Create | Villager (Male) |
| 13:15 | Build | Farm |
| 13:15 | Build | Farm |
| 13:28 | Create | Villager (Male) |
| 13:28 | Create | Villager (Male) |
| 13:29 | Create | Villager (Male) |
| 13:40 | Create | Villager (Male) |
| 13:41 | Create | Villager (Male) |
| 13:41 | Create | Villager (Male) |
| 13:41 | Create | Villager (Male) |
| 13:50 | Build | Mining Camp |
| 14:35 | Age | Castle Age |
| 14:38 | Build | Castle |
| 14:50 | Research | Scale Barding Armor |
| 14:51 | Create | Villager (Male) |
| 14:52 | Build | Stable |
| 14:56 | Build | Farm |
| 14:57 | Build | Farm |
| 14:57 | Build | Farm |
| 14:57 | Build | Farm |
| 14:57 | Build | Farm |
| 14:57 | Build | Farm |
| 14:58 | Build | Farm |
| 15:22 | Build | Castle |
Build order — Cronos
149 actions detected in the replay
| 0:01 | Create | Villager (Male) |
| 0:02 | Build | House |
| 0:03 | Build | House |
| 0:05 | Research | Loom |
| 0:07 | Build | House |
| 0:10 | Create | Villager (Male) |
| 0:11 | Build | House |
| 0:12 | Build | House |
| 0:30 | Create | Villager (Male) |
| 0:31 | Create | Villager (Male) |
| 1:11 | Create | Villager (Male) |
| 1:11 | Create | Villager (Male) |
| 1:30 | Create | Villager (Male) |
| 1:30 | Create | Villager (Male) |
| 1:30 | Create | Villager (Male) |
| 1:51 | Create | Villager (Male) |
| 1:51 | Create | Villager (Male) |
| 2:07 | Create | Villager (Male) |
| 2:20 | Create | Villager (Male) |
| 2:38 | Create | Villager (Male) |
| 2:38 | Create | Villager (Male) |
| 3:07 | Create | Villager (Male) |
| 3:13 | Create | Villager (Male) |
| 3:20 | Create | Villager (Male) |
| 3:36 | Create | Villager (Male) |
| 3:45 | Create | Villager (Male) |
| 4:04 | Build | Lumber Camp |
| 4:15 | Create | Villager (Male) |
| 4:15 | Create | Villager (Male) |
| 4:25 | Create | Villager (Male) |
| 4:40 | Create | Villager (Male) |
| 5:10 | Create | Villager (Male) |
| 5:21 | Create | Villager (Male) |
| 5:33 | Create | Villager (Male) |
| 5:38 | Create | Villager (Male) |
| 5:57 | Build | Mining Camp |
| 6:05 | Create | Villager (Male) |
| 6:07 | Create | Villager (Male) |
| 6:32 | Create | Villager (Male) |
| 6:46 | Create | Villager (Male) |
| 6:57 | Build | House |
| 7:06 | Create | Villager (Male) |
| 7:10 | Build | House |
| 7:11 | Build | House |
| 7:13 | Build | Palisade Wall |
| 7:23 | Build | Palisade Wall |
| 7:27 | Create | Villager (Male) |
| 7:36 | Build | Palisade Wall |
| 7:36 | Build | Palisade Wall |
| 7:37 | Build | Palisade Wall |
| 7:39 | Build | Palisade Wall |
| 7:40 | Build | Palisade Wall |
| 7:43 | Build | Palisade Wall |
| 7:49 | Create | Villager (Male) |
| 8:15 | Create | Villager (Male) |
| 8:23 | Build | Mill |
| 8:25 | Create | Villager (Male) |
| 8:42 | Research | Feudal Age |
| 8:42 | Research | Feudal Age |
| 9:22 | Build | Lumber Camp |
| 9:29 | Create | Villager (Male) |
| 9:43 | Create | Villager (Male) |
| 9:47 | Build | Palisade Wall |
| 9:48 | Build | Palisade Wall |
| 9:52 | Create | Villager (Male) |
| 10:06 | Create | Villager (Male) |
| 10:20 | Create | Villager (Male) |
| 10:40 | Build | Mining Camp |
| 10:51 | Age | Feudal Age |
| 10:56 | Build | Market |
| 10:58 | Build | Blacksmith |
| 11:08 | Build | Palisade Wall |
| 11:10 | Build | Palisade Wall |
| 11:12 | Build | Palisade Wall |
| 11:13 | Build | Palisade Wall |
| 11:14 | Build | Palisade Wall |
| 11:22 | Create | Villager (Male) |
| 11:58 | Create | Villager (Male) |
| 12:00 | Research | Castle Age |
| 12:01 | Research | Castle Age |
| 12:07 | Build | House |
| 12:16 | Create | Villager (Male) |
| 12:21 | Build | Barracks |
| 12:22 | Build | Barracks |
| 12:29 | Build | Palisade Wall |
| 12:30 | Build | Palisade Wall |
| 12:35 | Build | Palisade Wall |
| 12:38 | Build | Palisade Wall |
| 12:40 | Build | Palisade Wall |
| 12:42 | Build | Palisade Wall |
| 12:42 | Build | Palisade Wall |
| 12:53 | Build | Lumber Camp |
| 12:59 | Create | Villager (Male) |
| 13:07 | Build | Palisade Wall |
| 13:28 | Create | Villager (Male) |
| 13:45 | Create | Villager (Male) |
| 13:53 | Build | Palisade Wall |
| 13:56 | Build | Palisade Wall |
| 14:06 | Create | Villager (Male) |
| 14:15 | Build | Barracks |
| 14:40 | Age | Castle Age |
| 14:52 | Create | Fire Lancer |
| 14:52 | Create | Fire Lancer |
| 14:56 | Build | Siege Workshop |
| 14:58 | Create | Villager (Male) |
| 15:13 | Create | Villager (Male) |
| 15:17 | Build | Lumber Camp |
| 15:52 | Create | Fire Lancer |
| 15:52 | Create | Fire Lancer |
| 16:00 | Create | Fire Lancer |
| 16:00 | Create | Fire Lancer |
| 16:01 | Create | Battering Ram |
| 16:11 | Create | Fire Lancer |
| 16:12 | Create | Fire Lancer |
| 16:12 | Create | Fire Lancer |
| 16:29 | Create | Villager (Male) |
| 16:43 | Build | House |
| 16:46 | Create | Villager (Male) |
| 16:51 | Build | Castle |
| 16:56 | Build | Palisade Wall |
| 16:57 | Build | Palisade Wall |
| 17:05 | Build | Palisade Wall |
| 17:06 | Build | Palisade Wall |
| 17:08 | Build | House |
| 17:10 | Build | Palisade Wall |
| 17:19 | Create | Fire Lancer |
| 17:19 | Create | Fire Lancer |
| 17:25 | Build | House |
| 17:26 | Create | Villager (Male) |
| 17:31 | Build | House |
| 17:31 | Build | House |
| 17:31 | Build | House |
| 17:31 | Build | House |
| 17:38 | Create | Fire Lancer |
| 17:39 | Research | Scale Mail Armor |
| 17:39 | Research | Scale Mail Armor |
| 17:40 | Research | Scale Mail Armor |
| 17:43 | Build | House |
| 17:47 | Create | Villager (Male) |
| 17:57 | Create | Villager (Male) |
| 18:02 | Create | Fire Lancer |
| 18:02 | Create | Fire Lancer |
| 18:04 | Create | Villager (Male) |
| 18:10 | Build | Lumber Camp |
| 18:11 | Create | Villager (Male) |
| 18:34 | Create | Battering Ram |
| 18:34 | Create | Battering Ram |
| 18:35 | Create | Battering Ram |
| 18:38 | Create | Villager (Male) |
Match timeline
| 7:13 | Cronos · wall_segment Palisade Wall x1 |
| 7:23 | Cronos · wall_segment Palisade Wall x9 |
| 7:36 | Cronos · wall_segment Palisade Wall x3 |
| 7:36 | Cronos · wall_segment Palisade Wall x4 |
| 7:37 | Cronos · wall_segment Palisade Wall x1 |
| 7:39 | Cronos · wall_segment Palisade Wall x1 |
| 7:40 | Cronos · wall_segment Palisade Wall x1 |
| 7:43 | Cronos · wall_segment Palisade Wall x1 |
| 9:47 | Cronos · wall_segment Palisade Wall x9 |
| 9:48 | Cronos · wall_segment Palisade Wall x8 |
| 10:27 | Young Carter · first_building Barracks |
| 10:45 | Young Carter · age_up feudal |
| 10:51 | Cronos · age_up feudal |
| 11:08 | Cronos · wall_segment Palisade Wall x1 |
| 11:10 | Cronos · wall_segment Palisade Wall x1 |
| 11:12 | Cronos · wall_segment Palisade Wall x1 |
| 11:13 | Cronos · wall_segment Palisade Wall x1 |
| 11:14 | Cronos · wall_segment Palisade Wall x1 |
| 12:21 | Cronos · first_building Barracks |
| 12:29 | Cronos · wall_segment Palisade Wall x1 |
| 12:30 | Cronos · wall_segment Palisade Wall x1 |
| 12:35 | Cronos · wall_segment Palisade Wall x1 |
| 12:38 | Cronos · wall_segment Palisade Wall x1 |
| 12:40 | Cronos · wall_segment Palisade Wall x1 |
| 12:42 | Cronos · wall_segment Palisade Wall x1 |
| 12:42 | Cronos · wall_segment Palisade Wall x1 |
| 13:07 | Cronos · wall_segment Palisade Wall x1 |
| 13:53 | Cronos · wall_segment Palisade Wall x1 |
| 13:56 | Cronos · wall_segment Palisade Wall x1 |
| 14:14 | Young Carter · first_market_buy 500 stone |
| 14:35 | Young Carter · age_up castle |
| 14:38 | Young Carter · first_building Castle |
| 14:40 | Cronos · age_up castle |
| 14:52 | Young Carter · first_building Stable |
| 14:56 | Cronos · first_building Siege Workshop |
| 15:17 | Young Carter · first_market_sell 100 wood |
| 16:35 | Young Carter · wall_segment Stone Wall x1 |
| 16:36 | Young Carter · wall_segment Stone Wall x1 |
| 16:39 | Young Carter · wall_segment Stone Wall x2 |
| 16:51 | Cronos · first_building Castle |
| 16:56 | Cronos · wall_segment Palisade Wall x1 |
| 16:57 | Cronos · wall_segment Palisade Wall x1 |
| 17:05 | Cronos · wall_segment Palisade Wall x1 |
| 17:06 | Cronos · wall_segment Palisade Wall x1 |
| 17:10 | Cronos · wall_segment Palisade Wall x1 |
| 17:49 | Young Carter · first_building Siege Workshop |
| 18:46 | Cronos · resign |
[ AI ANALYSIS · 1 CREDIT ]
What really happened in this match?
Wolo.gg analyzes every decision: build order, eco, micro, common mistakes by bracket. Personalized analysis on WhatsApp or Discord in 30 seconds.
Civ guide
Lithuanians
Perfil
Young Carter